 Dungeon Crawl Stone Soup version 0.17-a0-1711-gc5340a3 (webtiles) character file.

128 karlkraus the Shield-Bearer (level 4, -7/41 HPs)
             Began as a Minotaur Fighter on Aug 22, 2015.
             Killed from afar by a white imp (8 damage)
             ... with a puff of frost
             ... summoned by Natasha
             ... on level 3 of the Dungeon.
             The game lasted 00:03:07 (1616 turns).

karlkraus the Shield-Bearer (Minotaur Fighter)      Turns: 1616, Time: 00:03:08

Health: -7/41      AC:  7    Str: 21    XL:     4   Next: 87%
Magic:  3/3        EV:  8    Int:  5    God:
Gold:   141        SH:  9    Dex: 10    Spells: 0 memorised, 3 levels left

rFire  . . .     SeeInvis .     a - +0 war axe
rCold  . . .     Clarity  .     s - +0 scale mail {rPois}
rNeg   . . .     SustAt   .     c - +0 shield
rPois  +         Gourm    .     q - +0 hat
rElec  .         Spirit   .     (no cloak)
rCorr  .         Warding  .     (no gloves)
rMut   .         Stasis   .     (no boots)
MR     .....                    (no amulet)
Stlth  ..........               (no ring)
                                (no ring)

@: slowed, very slow, not resistant to hostile enchantments, extremely
unstealthy
A: retaliatory headbutt, horns 2
a: no special abilities


You were on level 3 of the Dungeon.
You were hungry.

You visited 1 branch of the dungeon, and saw 3 of its levels.

You collected 141 gold pieces.

Inventory:

Hand weapons
 a - a +0 war axe (weapon)
Armour
 c - a +0 shield (worn)
 q - a +0 hat (worn)
 s - a +0 scale mail of poison resistance (worn)
Scrolls
 b - a scroll of random uselessness {unknown}
 f - 6 scrolls of identify {unknown}
 g - 2 scrolls of teleportation {unknown}
 k - 4 scrolls of remove curse {unknown}
 n - a scroll of enchant weapon {unknown}
 o - a scroll of blinking {unknown}
Potions
 d - a potion of might
 h - 2 potions of agility {unknown}
 i - 2 potions of ambrosia {unknown}
 m - a potion of invisibility {unknown}
Books
 l - an Akashic Record

   Spells                             Type                      Level
   a - Dispersal                      Translocation                6
   b - Controlled Blink               Translocation                7
   c - Malign Gateway                 Summoning/Translocation      7
   d - Disjunction                    Translocation                8
 r - a book of Battle

   Spells                             Type                      Level
   a - Infusion                       Charms                       1
   b - Shroud of Golubria             Charms/Translocation         2
   c - Song of Slaying                Charms                       2
   d - Spectral Weapon                Hexes/Charms                 3
   e - Regeneration                   Charms/Necromancy            3
Comestibles
 e - 5 bread rations
 j - 2 meat rations
 p - a slice of pizza
 t - 2 chunks of flesh


   Skills:
 + Level 4.6 Fighting
 + Level 3.3 Axes
 + Level 4.2 Armour
 + Level 1.4 Dodging
 + Level 4.7 Shields


You had 3 spell levels left.
You didn't know any spells.

Dungeon Overview and Level Annotations

Branches:
Dungeon (3/15)

Altars:
Kikubaaqudgha
Okawaru

Annotations:
D:3 Natasha


Innate Abilities, Weirdness & Mutations

You reflexively headbutt those who attack you in melee.
You have a pair of horns on your head.


Message History

You closely miss Natasha. Natasha completely misses you. Natasha claws you.
* * * LOW HITPOINT WARNING * * *
You hit Natasha. Your headbutt misses Natasha.
Natasha is moderately wounded.
Natasha mumbles some strange words.
Natasha claws you but does no damage.
You closely miss Natasha. You headbutt Natasha.
Natasha is moderately wounded.
You barely miss the white imp. Natasha claws you but does no damage.
You block the white imp's attack. Natasha casts a spell at you.
The magic dart hits you!
* * * LOW HITPOINT WARNING * * *
You closely miss Natasha.
Natasha is moderately wounded.
You hit the white imp but do no damage.
The white imp hits you but does no damage.
Natasha mumbles some strange words.
The white imp gestures at you. The puff of frost hits you!
You die...

...# ...#### ##.# ....h.. (..#
..#..# #..# .....#### #..#######
.# ##........ #........# ..#
#..........# ##.#####.##..# #5#
#..##.# .#(# ##...#..# #h#
#..##.#
.#.###...†)..###@####..##.### .
#..............5...........# .#
####........###.####..##.#.##..#
##........# #.# #...........#
#.........# #.# ##.#.[......#
#.#.......# #.# #.#).).....#
#...##...## #.# #.#.)).....#
##..###.## #.# #..........# #..#
#.# ##.## #.#.......##


You could see Natasha and 2 white imps.

Vanquished Creatures
  4 adders
  2 gnolls
  An ooze (D:1)
  A worm (D:2)
  5 orcs
  7 goblins
  9 hobgoblins
  6 jackals
  4 bats
  4 giant cockroaches
  A giant gecko (D:1)
  4 giant newts (D:1)
  A jackal skeleton (D:3)
  6 kobolds
  7 rats
62 creatures vanquished.

Notes
Turn   | Place    | Note
--------------------------------------------------------------
     0 | D:1      | karlkraus the Minotaur Fighter began the quest for the Orb.
     0 | D:1      | Reached XP level 1. HP: 19/19 MP: 0/0
   169 | D:1      | Reached skill level 4 in Fighting
   169 | D:1      | Reached XP level 2. HP: 20/27 MP: 1/1
   232 | D:1      | Reached XP level 3. HP: 24/33 MP: 2/2
   786 | D:2      | Found an ancient bone altar of Kikubaaqudgha.
   895 | D:2      | Reached XP level 4. HP: 36/41 MP: 3/3
  1408 | D:2      | Found an iron altar of Okawaru.
  1575 | D:3      | Reached skill level 1 in Dodging
  1602 | D:3      | Noticed Natasha
  1613 | D:3      | HP: 1/41 [Natasha (3)]
  1616 | D:3      | Killed from afar by a white imp

Vault maps used:
D:1:      shiori_arrival_oz, supply_closet_lemuel, minmay_misc_feat_doors,
          minivault_19
D:2:      lemuel_doored_altar, okawaru_altar_gauntlet_db
D:3:      uniq_terence, uniq_natasha

Action                   |  1- 3 |  4- 6 || total
-------------------------+-------+-------++-------
Melee: War axe           |    90 |    50 ||   140
  Eat: Chunk             |       |     2 ||     2
